 Dungeon Crawl Stone Soup version 0.26-a0-466-g989023bd0d (webtiles) character file.

Game seed: 992373259499228826

507 Lanoc the Spear-Bearer (level 7, -3/82 HPs)
             Began as a Merfolk Chaos Knight on Aug 6, 2020.
             Was a Plaything of Xom.
             Slain by Blork the orc
             ... wielding a +1 glaive of venom
              (6 damage)
             ... on level 4 of the Dungeon.
             The game lasted 00:05:22 (3111 turns).

Lanoc the Spear-Bearer (Merfolk Chaos Knight)       Turns: 3111, Time: 00:05:22

Health: -3/82      AC: 23    Str: 11      XL:     7   Next: 18%
Magic:  7/7        EV:  2    Int:  9      God:    Xom [......]
Gold:   101        SH:  0    Dex: 12 (13) Spells: 6/6 levels left

rFire    . . .     SeeInvis .   a - +0 spear (chaos)
rCold    + . .     Faith    .   (no shield)
rNeg     + + +     Spirit   .   (armour currently unavailable)
rPois    +         Reflect  .   (helmet currently unavailable)
rElec    .         Harm     .   (cloak currently unavailable)
rCorr    .         NoTele   +   (gloves currently unavailable)
MR       .....                  (boots currently unavailable)
Stlth    +.........             p - amulet of the acrobat
HPRegen  0.23/turn              c - ring of protection from cold
MPRegen  0.10/turn              (no ring)

@: lethally poisoned (-3 -> -9), tree-form
A: (change form in water), (swift swim), (stealthy swim), clumsy 1, dopey 1,
sense surroundings 1, weak 1
a: Renounce Religion


You were on level 4 of the Dungeon.
You worshipped Xom.
You were a very special plaything of Xom.
You were a tree.
You visited 1 branch of the dungeon, and saw 4 of its levels.

You collected 191 gold pieces.
You spent 90 gold pieces at shops.

Inventory:

Hand Weapons
 a - a +0 spear of chaos (weapon)
Armour
 b - a +2 leather armour (melded)
 f - a +0 pair of gloves (melded)
Jewellery
 c - a ring of protection from cold (left branch)
 p - an amulet of the acrobat (around neck)
Wands
 o - a wand of iceblast (11)
 q - a wand of random effects (19)
Scrolls
 d - 5 scrolls of identify
 g - 2 scrolls of magic mapping
 m - a scroll of blinking
Potions
 e - 3 potions of brilliance
 i - a potion of curing


   Skills:
 + Level 4.8 Fighting
 * Level 8.0 Polearms
 + Level 2.4 Armour
 + Level 5.0 Dodging


You had 6 spell levels left.
You didn't know any spells.
Your spell library was empty.

Dungeon Overview and Level Annotations

Branches:
Dungeon (4/15)
 Temple: D:4-7

Altars:

Shops:
D:4 *

Annotations:
D:4 Blork the orc


Innate Abilities, Weirdness & Mutations

((You revert to your normal form in water.))
((You are very nimble and swift while swimming.))
((You are very stealthy in the water. (Stealth+)))
You are clumsy. (Dex -2)
You are dopey. (Int -2)
You passively map a small area around you.
You are weak. (Str -2)


Message History

* * * LOW HITPOINT WARNING * * *
You barely miss Blork the orc.
Blork the orc is severely wounded.
Blork the orc hits you with a +1 glaive of venom.
* * * LOW HITPOINT WARNING * * *
You are poisoned.
You barely miss Blork the orc.
Blork the orc is severely wounded.
You feel sick.
You closely miss Blork the orc.
Blork the orc is severely wounded.
You feel sick.
Blork the orc hits you with a +1 glaive of venom.
* * * LOW HITPOINT WARNING * * *
You hit Blork the orc but do no damage.
Blork the orc flickers and vanishes!
Deactivating autopickup; reactivate with Ctrl-A.
You feel sick. Something hits you!
* * * LOW HITPOINT WARNING * * *
You closely miss something. Something hits you.
You die...

#..#.# #.#
#.##.# #.#
#.##.# #.#
#.##.# #.#
#.##.# #.#
#.##.# #.#
##.##.# #.#
...##.#
###########.#
#####.#
#...♣{......#
#.#
#.###########
#.# #.# #.#
#.# #####.#
#.# ......#
#.# #######
#.# #.# #.###


There were no monsters in sight!

Vanquished Creatures
  Duvessa (D:4)
  An ice beast (D:2)
  Dowan (D:4)
  An orc priest (D:3)
  3 orc wizards
  A worker ant (D:4)
  4 adders
  2 worms (D:4)
  2 dart slugs
  5 leopard geckos
  10 orcs
  2 ball pythons
  2 giant cockroaches
  6 goblins
  6 hobgoblins
  4 jackals (D:2)
  5 kobolds
  A quokka (D:3)
  6 bats
  A frilled lizard (D:1)
  A jackal skeleton (D:4)
  3 rats
68 creatures vanquished.

Vanquished Creatures (others)
  A leopard gecko (D:1)
  An orc (D:3)
2 creatures vanquished.

Grand Total: 70 creatures vanquished

Notes
Turn   | Place    | Note
-------+----------+-------------------------------------------
     0 | D:1      | Lanoc the Merfolk Chaos Knight began the quest for the Orb.
     0 | D:1      | Reached XP level 1. HP: 18/18 MP: 1/1
     7 | D:1      | XOM: divination: detect creatures
   167 | D:1      | Reached XP level 2. HP: 24/24 MP: 2/2
   193 | D:1      | XOM: smoke on damage
   194 | D:1      | Reached skill level 1 in Armour
   386 | D:2      | Reached skill level 5 in Polearms
   394 | D:2      | XOM: silly message
   478 | D:2      | Reached XP level 3. HP: 27/29 MP: 3/3
   629 | D:2      | Noticed an ice beast
   634 | D:2      | XOM: silly message
   645 | D:2      | Killed an ice beast
   645 | D:2      | Reached skill level 6 in Polearms
   645 | D:2      | Reached XP level 4. HP: 30/37 MP: 4/4
   645 | D:2      | Reached XP level 5. HP: 34/42 MP: 5/5
   685 | D:2      | XOM: give mutations
   685 | D:2      | Gained mutation: You are weak. (Str -2) [Xom's mischief]
   685 | D:2      | Gained mutation: You are frail. (-10% HP) [Xom's mischief]
  1254 | D:3      | XOM: swap monsters
  1275 | D:3      | Reached XP level 6. HP: 25/44 MP: 6/6
  1427 | D:3      | Reached skill level 7 in Polearms
  1560 | D:3      | XOM: 2-stop teleportation journey
  1921 | D:4      | Found Ravann's General Store.
  1926 | D:4      | Bought a scroll of blinking for 90 gold pieces
  1932 | D:4      | Noticed Duvessa
  1936 | D:4      | Noticed Dowan
  1940 | D:4      | XOM: blink monster(s)
  1951 | D:4      | Killed Duvessa
  1954 | D:4      | XOM: enchant monster (bad)
  1962 | D:4      | XOM: noise
  1966 | D:4      | Killed Dowan
  1996 | D:4      | XOM: give mutations
  1996 | D:4      | Gained mutation: You passively map a small area around you.
                  | [Xom's grace]
  1996 | D:4      | Lost mutation: You are frail. (-10% HP) [Xom's grace]
  2031 | D:4      | XOM: scenery: summon butterflies
  2036 | D:4      | XOM: give mutations
  2036 | D:4      | Gained mutation: You are dopey. (Int -2) [Xom's mischief]
  2036 | D:4      | Gained mutation: You are clumsy. (Dex -2) [Xom's mischief]
  2036 | D:4      | Gained mutation: You occasionally shout uncontrollably at
                  | your foes. [Xom's mischief]
  2036 | D:4      | Lost mutation: You occasionally shout uncontrollably at
                  | your foes. [Xom's mischief]
  2039 | D:4      | Reached XP level 7. HP: 33/55 MP: 7/7
  2338 | D:4      | Noticed Blork the orc
  2452 | D:4      | XOM: stat loss: -1 Dex (12/13)
  2546 | D:4      | XOM: 1-stop teleportation journey
  2758 | D:4      | Reached skill level 8 in Polearms
  2758 | D:4      | Reached skill level 5 in Dodging
  2924 | D:4      | XOM: summons 3 hostile shadow creatures
  3097 | D:4      | XOM: noise
  3110 | D:4      | HP: 3/82 [something (9)]
  3111 | D:4      | Slain by Blork the orc

Illustrated notes

Levels and vault maps discovered:
D:1:      minmay_arrival_pointy, layout_basic
D:2:      layout_rooms, amethyst_killhole
D:3:      layout_basic
D:4:      layout_loops_ring, serial_shops, shop, kennysheep_generic_room_14,
          uniq_duvessa, uniq_blork_the_orc

Skill      XL: |  1  2  3  4  5  6  7 |
---------------+----------------------+-----
Dodging        | 3 4 5 |  5.0
Armour         | 1 2 |  2.4
Polearms       | 5 6 7 8 |  8.0
Fighting       | 4 |  4.8

Action                   |  1- 3 |  4- 6 |  7- 9 || total
-------------------------+-------+-------+-------++-------
Melee: Spear             |    83 |   158 |    81 ||   322
  Use: Potion            |       |       |     8 ||     8
       Scroll            |       |       |     7 ||     7
 Stab: Confused          |       |     1 |       ||     1
       Paralysed         |       |       |     3 ||     3
Armor: Leather armour    |    42 |    20 |    12 ||    74
       Skin              |       |       |     1 ||     1
Dodge: Dodged            |    33 |    70 |    34 ||   137

Table legend: (Time is in decaauts)
 A = Elapsed time spent in this place.
 B = Non-inter-level travel time spent in this place.
 C = Inter-level travel time spent in this place.
 D = Time resting spent in this place.
 E = Time spent auto-exploring this place.
 F = Levels seen in this place.
 G = Mean time per level.
                   A        B        C        D        E       F      G
               +--------+--------+--------+--------+--------+-----+--------+
         Total |   3034 |   2991 |     43 |    246 |   2189 |   4 |  758.5 |
       Dungeon |   3034 |   2991 |     43 |    246 |   2189 |   4 |  758.5 |
               +--------+--------+--------+--------+--------+-----+--------+

Top non-repeatable levels by time:
     D:4: 1191 daAuts
     D:3: 979 daAuts
     D:2: 497 daAuts
     D:1: 365 daAuts
